 Dungeon Sprint DCSS version 0.21-a0-270-g8204059 (webtiles) character file.

2572 Kidiri the Thaumaturge (level 9, -2/53 HPs)
             Began as a Deep Elf Fire Elementalist on Sept 13, 2017.
             Was a Priest of Vehumet.
             Slain by an unseen horror (12 damage)
             ... in the Dungeon (Sprint III: "The Ten Rune Challenge").
             The game lasted 00:07:18 (953 turns).

Kidiri the Thaumaturge (Deep Elf Fire Elementalist)  Turns: 953, Time: 00:07:18

Health: -2/53      AC:  2    Str:  5      XL:     9   Next: 32%
Magic:  12/29      EV: 17    Int: 24      God:    Vehumet [***...]
Gold:   30         SH:  0    Dex: 16 (17) Spells: 12/36 levels left

rFire    . . .     SeeInvis .   b - +2 short sword (speed)
rCold    . . .     Gourm    .   (no shield)
rNeg     . . .     Faith    .   a - +0 robe {Archmagi}
rPois    .         Spirit   .   (no helmet)
rElec    .         Reflect  .   (no cloak)
rCorr    .         Harm     .   (no gloves)
MR       +....     NoTele   +   (no boots)
Stlth    ++........             (no amulet)
HPRegen  0.17/turn              (no ring)
MPRegen  0.21/turn              (no ring)

@: no status effects
A: talons 2, agile 1, deterioration 1, magic resistance 1, sturdy frame 1
a: Renounce Religion


You were in the Dungeon.
You worshipped Vehumet.
Vehumet was most pleased with you.
You were not hungry.

You visited 1 branch You collected 30 gold pieces.

Inventory:

Hand Weapons
 b - a +2 short sword of speed (weapon)
Armour
 a - a +0 robe of the Archmagi (worn)
Wands
 n - a wand of enslavement (13/24)
Scrolls
 i - a scroll of blinking
 m - a scroll of holy word
 o - 3 scrolls of remove curse
 q - a scroll of torment
Potions
 d - 2 potions of curing
 f - a potion of haste
 g - 2 potions of magic
 h - a potion of berserk rage
 j - a potion of brilliance
 p - 3 potions of flight
 s - a potion of cancellation
Comestibles
 c - 2 bread rations
 k - 5 chunks of flesh
 r - 2 royal jellies


   Skills:
 + Level 4.9 Fighting
 + Level 5.8 Short Blades
 + Level 4.8 Armour
 + Level 7.6 Dodging
 - Level 2.4 Stealth
 * Level 14.3 Spellcasting
 + Level 8.8 Conjurations
 + Level 9.3 Fire Magic
 + Level 5.8 Air Magic
 + Level 6.5 Poison Magic


You had 12 spell levels left.
You knew the following spells:

 Your Spells              Type           Power        Failure   Level  Hunger
a - Flame Tongue          Conj/Fire      #####        1%          1    None
b - Throw Flame           Conj/Fire      ######       1%          2    None
c - Conjure Flame         Conj/Fire      #######.     1%          3    None
d - Inner Flame           Hex/Fire       ######..     1%          3    None
e - Ignite Poison         Fire/Tmut/Pois ######..     1%          3    None
f - Sticky Flame          Conj/Fire      #######.     1%          4    None
g - Fireball              Conj/Fire      #######...   1%          5    ##.....
h - Mephitic Cloud        Conj/Pois/Air  ######..     1%          3    None


Dungeon Overview and Level Annotations

Branches:
Dungeon (1/1)

Altars:
Cheibriados
Dithmenos
Elyvilon
Fedhas
Gozag
Hepliaklqana
Kikubaaqudgha
Makhleb
Nemelex Xobeh
Okawaru
Qazlal
Ru
Sif Muna
Trog
Uskayaw
Vehumet
Wu Jian
Xom
Yredelemnul
Zin
The Shining One
Beogh
Jiyva
Lugonu

Annotations:
D exclusion: door


Innate Abilities, Weirdness & Mutations

You have razor-sharp toenails.
You are agile. (Dex +2)
Your body sometimes deteriorates upon taking damage.
You are resistant to hostile enchantments. (MR+)
Your movements are slightly less encumbered by armour. (ER -2)


Message History

Aiming: Conjure Flame
Press: ? - help, Dir - move target cursor You feel a surge of power!
You see a ghostly outline there, and the spell fizzles.
Something hits you.
Unknown command.
Casting: Conjure Flame
Confirm with . or Enter, or press ? or * to list all spells.
Aiming: Sticky Flame
Press: ? - help, Shift-Dir - straight line You feel a surge of power!
Something hits you.
Casting: Sticky Flame
Confirm with . or Enter, or press ? or * to list all spells.
Aiming: Sticky Flame
Press: ? - help, Shift-Dir - straight line You feel a surge of power!
Something hits you!
* * * LOW HITPOINT WARNING * * *
Your body deteriorates!
You feel clumsy. Something hits you!
You die...

## _# _# ## .# .#
'#
.#+###############
.#.§≈§≈'.#.'...'@#
.#.#§§≈#.#.#...##.#
.'.#§§§#.#.#.).#
#.#
.#.#§.§#...#...#
#.#
▓▓▓▓▓▓▓▓▓▓▓▓▓▓▓#
#.# #.# #.# ##


There were no monsters in sight!

Vanquished Creatures
  Erica (D)
  A centaur warrior (D)
  A deep elf mage (D)
  A shadow (D)
  A spatial vortex (D)
  A necrophage (D)
  2 centaurs (D)
  A water elemental (D)
  A jelly (D)
  Jessica (D)
  A wizard (D)
  A necromancer (D)
  3 humans (D)
  A kobold demonologist (D)
  A wolf (D)
  2 oozes (D)
  A rat (D)
21 creatures vanquished.

Vanquished Creatures (others)
  2 draconian scorchers (D)
  6 hellions (D)
  2 yaktaurs (D)
  A plant (D)
11 creatures vanquished.

Grand Total: 32 creatures vanquished

Notes
Turn   | Place    | Note
-------+----------+-------------------------------------------
     0 | D        | Kidiri the Deep Elf Fire Elementalist began the quest for the Orb.
     0 | D        | Reached XP level 1. HP: 10/10 MP: 6/6
    10 | D        | Reached skill level 4 in Spellcasting
    54 | D        | Reached XP level 2. HP: 11/15 MP: 2/9
    58 | D        | Learned a level 2 spell: Throw Flame
   125 | D        | Killed a hellion
   134 | D        | Noticed Jessica
   137 | D        | Killed a hellion
   139 | D        | Killed Jessica
   139 | D        | Reached skill level 6 in Spellcasting
   139 | D        | Reached XP level 3. HP: 19/19 MP: 8/13
   144 | D        | Learned a level 3 spell: Conjure Flame
   148 | D        | Learned a level 3 spell: Inner Flame
   150 | D        | Killed a hellion
   151 | D        | Killed a hellion
   164 | D        | Killed a hellion
   185 | D        | Killed a white draconian scorcher
   192 | D        | Killed a yaktaur
   228 | D        | Reached skill level 7 in Spellcasting
   228 | D        | Reached skill level 5 in Fire Magic
   236 | D        | Reached XP level 4. HP: 15/24 MP: 4/15
   242 | D        | Killed a hellion
   246 | D        | Learned a level 4 spell: Sticky Flame
   250 | D        | Killed a yaktaur
   263 | D        | Gained mutation: You are agile. (Dex +2) [potion of mutation]
   263 | D        | Gained mutation: You have a pair of small antennae on your head. [potion of mutation]
   264 | D        | Lost mutation: You have a pair of small antennae on your head. [potion of mutation]
   264 | D        | Lost mutation: You are agile. (Dex +2) [potion of mutation]
   264 | D        | Gained mutation: You are agile. (Dex +2) [potion of mutation]
   264 | D        | Gained mutation: Your body sometimes deteriorates upon taking damage. [potion of mutation]
   264 | D        | Gained mutation: You have sharp toenails. [potion of mutation]
   265 | D        | Gained mutation: Your movements are slightly less encumbered by armour. (ER -2) [potion of mutation]
   265 | D        | Gained mutation: You have razor-sharp toenails. [potion of mutation]
   265 | D        | Gained mutation: You are resistant to hostile enchantments. (MR+) [potion of mutation]
   313 | D        | Killed a white draconian scorcher
   337 | D        | Noticed a water elemental
   340 | D        | Killed a water elemental
   340 | D        | Reached skill level 9 in Spellcasting
   340 | D        | Reached skill level 5 in Conjurations
   378 | D        | Found a radiant altar of Vehumet.
   379 | D        | Found a deep blue altar of Sif Muna.
   379 | D        | Found an ancient bone altar of Kikubaaqudgha.
   379 | D        | Noticed a wizard
   380 | D        | Killed a wizard
   380 | D        | Reached XP level 5. HP: 28/28 MP: 14/19
   381 | D        | Reached skill level 10 in Spellcasting
   391 | D        | Learned a level 5 spell: Fireball
   395 | D        | Learned a level 3 spell: Mephitic Cloud
   402 | D        | Became a worshipper of Vehumet
   436 | D        | Found a glowing silver altar of Zin.
   437 | D        | Found a glowing golden altar of the Shining One.
   437 | D        | Found a white marble altar of Elyvilon.
   437 | D        | Noticed a deep elf mage
   451 | D        | Killed a deep elf mage
   451 | D        | Reached skill level 11 in Spellcasting
   451 | D        | Reached XP level 6. HP: 30/36 MP: 13/22
   451 | D        | Reached XP level 7. HP: 34/40 MP: 14/24
   507 | D        | Found an ornate altar of the Wu Jian Council.
   507 | D        | Found a roughly hewn altar of Beogh.
   507 | D        | Found an iron altar of Okawaru.
   507 | D        | Found a bloodstained altar of Trog.
   507 | D        | Found a hide-covered altar of Uskayaw.
   507 | D        | Noticed a human
   509 | D        | Noticed a human
   524 | D        | Killed a human
   524 | D        | Reached skill level 5 in Dodging
   524 | D        | Reached skill level 12 in Spellcasting
   528 | D        | Killed a human
   528 | D        | Reached * piety under Vehumet
   528 | D        | Offered knowledge of Freeze by Vehumet.
   558 | D        | Found a basalt altar of Yredelemnul.
   558 | D        | Found a shadowy altar of Dithmenos.
   558 | D        | Found a sacrificial altar of Ru.
   616 | D        | Noticed a shadow
   618 | D        | Reached ** piety under Vehumet
   618 | D        | Killed a shadow
   618 | D        | Reached XP level 8. HP: 46/46 MP: 18/26
   636 | D        | Found a blossoming altar of Fedhas.
   636 | D        | Found a stormy altar of Qazlal.
   636 | D        | Found a snail-covered altar of Cheibriados.
   636 | D        | Found a burning altar of Makhleb.
   636 | D        | Found a shimmering altar of Xom.
   637 | D        | Found a hazy altar of Hepliaklqana.
   637 | D        | Found an opulent altar of Gozag.
   637 | D        | Found a sparkling altar of Nemelex Xobeh.
   637 | D        | Found a corrupted altar of Lugonu.
   637 | D        | Found a viscous altar of Jiyva.
   652 | D        | Reached skill level 5 in Poison Magic
   739 | D        | Noticed Erica
   742 | D        | Killed Erica
   742 | D        | Offered knowledge of Sandblast by Vehumet.
   742 | D        | Reached skill level 5 in Short Blades
   742 | D        | Reached skill level 13 in Spellcasting
   742 | D        | Reached skill level 5 in Air Magic
   891 | D        | Noticed a centaur warrior
   893 | D        | Offered knowledge of Ignite Poison by Vehumet.
   893 | D        | Reached *** piety under Vehumet
   893 | D        | Reached XP level 9. HP: 43/52 MP: 21/28
   896 | D        | Killed a centaur warrior
   896 | D        | Reached skill level 14 in Spellcasting
   938 | D        | Learned a level 3 spell: Ignite Poison
   953 | D        | Slain by an unseen horror

Vault maps used:
D:        dungeon_sprint_mu

Skill      XL: |  1  2  3  4  5  6  7  8  9 |
---------------+----------------------------+-----
Spellcasting   | 4 6 7 9 11 12 13 14 | 14.3
Conjurations   | 2 3 4 5 6 7 8 |  8.8
Fire Magic     | 4 5 6 7 8 9 |  9.3
Fighting       | 2 3 4 |  4.9
Short Blades   | 3 4 5 |  5.8
Armour         | 2 3 4 |  4.8
Dodging        | 4 5 7 |  7.6
Air Magic      | 3 4 5 |  5.8
Poison Magic   | 3 4 6 |  6.5
Stealth        | |  2.4

Action                   |  1- 3 |  4- 6 |  7- 9 || total
-------------------------+-------+-------+-------++-------
Melee: Dagger            |     3 |       |       ||     3
       Short sword       |       |       |    11 ||    11
       Kick              |       |       |     3 ||     3
 Cast: Flame Tongue      |    17 |     2 |    20 ||    39
       Sticky Flame      |       |     4 |     5 ||     9
       Conjure Flame     |       |     1 |     3 ||     4
       Mephitic Cloud    |       |       |     2 ||     2
       Inner Flame       |       |       |     1 ||     1
       Fireball          |       |       |     4 ||     4
       Ignite Poison     |       |       |     1 ||     1
  Use: Potion            |     1 |     3 |       ||     4
       Scroll            |       |     4 |       ||     4
  Eat: Chunk             |       |       |     1 ||     1
Armor: Robe              |     4 |       |     3 ||     7
Dodge: Dodged            |     8 |     1 |     4 ||    13

Table legend:
 A = Spawn XP
 B = Non-spawn XP
 C = Spawn XP percentage of total XP
 D = Spawn monster count
 E = Non-spawn monster count
 F = Spawn count percentage of total count
 G = Total turns spent on level
                    A         B        C        D         E        F      G
               +---------+---------+-------+---------+---------+-------+---------
         Total |       0 |    3675 |   0.0 |       0 |      21 |   0.0 |   953
               +---------+---------+-------+---------+---------+-------+---------
             D |       0 |    3675 |   0.0 |       0 |      21 |   0.0 |   953
               +---------+---------+-------+---------+---------+-------+---------
